General information
- name: BNet
- type: Ladder team game (AT/RT)
- host: Battle.net
- saver: DataJack
map: Deadlands
- players: 8
- length: 41:29
- speed: Fast
- version: 1.26 W3XP
- replay type: Public
» download(257 KB)
Players
team 1 (winner)
DataJack (
teal | 68 APM | 2826 actions | 41:29)
9 Blood Mage
3 Flame Strike
2 Siphon Mana
1 Summon Phoenix
3 Banish
» actions
| Assign group hotkey | 396 | |
| Basic commands | 108 | |
| Build / train | 98 | |
| Enter build submenu | 33 | |
| Enter hero's abilities submenu | 9 | |
| Give item / drop item | 5 | |
| Remove unit from queue | 8 | |
| Right click | 1050 | |
| Select / deselect | 360 | |
| Select group hotkey | 571 | |
| Use ability | 188 | |
2826 total
» units
| Peasant | 25 | |
| Footman | 4 | |
| Goblin Shredder | 2 | |
| Gryphon Rider | 3 | |
| Dragonhawk Rider | 8 | |
42 total
» upgrades
| Swords | 3 | |
| Armor | 4 | |
| Defend | 0 | |
| Animal War Training | 1 | |
| Cloud | 1 | |
| Masonry | 1 | |
10 total
» buildings
| Altar of Kings | 2 | |
| Barracks | 1 | |
| Farm | 10 | |
| Arcane Vault | 2 | |
| Lumber Mill | 1 | |
| Keep | 2 | |
| Town Hall | 4 | |
| Scout Tower | 5 | |
| Guard Tower | 2 | |
| Castle | 1 | |
| Gryphon Aviary | 4 | |
| Blacksmith | 3 | |
37 total
» build order
01:25 Altar of Kings
01:26 Barracks
01:39 Farm
01:41 Farm
01:54 Farm
01:56 Farm
04:14 Arcane Vault
04:33 Lumber Mill
04:44 Keep
05:39 Town Hall
05:45 Scout Tower
05:48 Scout Tower
05:51 Scout Tower
05:56 Scout Tower
05:59 Scout Tower
06:26 Guard Tower
06:28 Guard Tower
07:27 Castle
08:57 Gryphon Aviary
08:58 Gryphon Aviary
08:58 Gryphon Aviary
08:58 Gryphon Aviary
09:02 Blacksmith
09:03 Blacksmith
09:09 Farm
14:38 Farm
14:38 Farm
15:10 Farm
15:10 Farm
26:16 Town Hall
31:06 Town Hall
35:34 Town Hall
36:33 Keep
37:20 Blacksmith
37:23 Arcane Vault
37:26 Farm
38:58 Altar of Kings
» items
| Scroll of Regeneration | 7 | |
| Mechanical Critter | 2 | |
| Scroll of Town Portal | 7 | |
| Potion of Mana | 1 | |
| Potion of Healing | 1 | |
| Lesser Clarity Potion | 1 | |
| Staff of Sanctuary | 1 | |
| Boots of Speed | 1 | |
| Potion of Invisibility | 1 | |
22 total

»
Player_1 (
purple | 52 APM | 2169 actions | 41:29)
9 Dark Ranger
3 Black Arrow
2 Silence
3 Life Drain
1 Charm
» actions
| Assign group hotkey | 30 | |
| Basic commands | 289 | |
| Build / train | 79 | |
| Enter build submenu | 20 | |
| Enter hero's abilities submenu | 9 | |
| Give item / drop item | 4 | |
| Remove unit from queue | 1 | |
| Right click | 610 | |
| Select / deselect | 323 | |
| Select group hotkey | 736 | |
| Use ability | 68 | |
2169 total
» units
| Wisp | 11 | |
| Huntress | 6 | |
| Hippogryph | 19 | |
| Chimaera | 11 | |
47 total
» upgrades
| Ultravision | 1 | |
| Strength of the Moon | 1 | |
| Moon Armor | 1 | |
| Strength of the Wild | 2 | |
| Reinforced Hides | 2 | |
| Corrosive Breath | 1 | |
| Well Spring | 1 | |
9 total
» buildings
| Moon Well | 13 | |
| Altar of Elders | 1 | |
| Hunter's Hall | 1 | |
| Ancient of War | 2 | |
| Ancient of Wonders | 1 | |
| Tree of Ages | 2 | |
| Ancient of Wind | 1 | |
| Tree of Eternity | 1 | |
| Chimaera Roost | 2 | |
| Tree of Life | 1 | |
25 total
» build order
01:06 Moon Well
01:09 Altar of Elders
01:21 Hunter's Hall
01:47 Moon Well
03:14 Ancient of War
03:17 Ancient of War
03:27 Moon Well
03:31 Moon Well
04:29 Ancient of Wonders
06:02 Tree of Ages
08:59 Ancient of Wind
09:00 Tree of Eternity
11:32 Chimaera Roost
11:33 Chimaera Roost
11:45 Moon Well
11:48 Moon Well
11:50 Moon Well
11:51 Moon Well
11:52 Moon Well
26:36 Tree of Life
30:39 Moon Well
30:43 Moon Well
30:47 Moon Well
31:45 Moon Well
32:56 Tree of Ages
» items
| Boots of Speed | 1 | |
| Scroll of Town Portal | 3 | |
| Periapt of Vitality | 3 | |
| Potion of Lesser Invulnerability | 1 | |
8 total
yaboy (
green | 36 APM | 1481 actions | 41:29)
7 Keeper of the Grove
3 Entangling Roots
3 Thorns Aura
1 Tranquility
5 Priestess of the Moon
3 Trueshot Aura
2 Searing Arrows
» actions
| Basic commands | 1 | |
| Build / train | 113 | |
| Enter build submenu | 29 | |
| Enter hero's abilities submenu | 12 | |
| Remove unit from queue | 3 | |
| Right click | 716 | |
| Select / deselect | 519 | |
| Use ability | 88 | |
1481 total
» units
| Wisp | 29 | |
| Archer | 11 | |
| Druid of the Claw | 2 | |
| Dryad | 10 | |
| Hippogryph | 12 | |
| Chimaera | 11 | |
75 total
» upgrades
| Nature's Blessing | 1 | |
| Druid of the Claw Training | 2 | |
| Abolish Magic | 1 | |
| Strength of the Wild | 3 | |
| Improved Bows | 1 | |
| Corrosive Breath | 1 | |
| Well Spring | 1 | |
10 total
» buildings
| Altar of Elders | 1 | |
| Moon Well | 8 | |
| Ancient of War | 2 | |
| Ancient of Wonders | 1 | |
| Tree of Ages | 1 | |
| Tree of Life | 2 | |
| Hunter's Hall | 1 | |
| Ancient Protector | 4 | |
| Ancient of Lore | 2 | |
| Tree of Eternity | 1 | |
| Ancient of Wind | 3 | |
| Chimaera Roost | 3 | |
29 total
» build order
00:10 Altar of Elders
00:14 Moon Well
01:39 Ancient of War
01:43 Ancient of War
01:59 Moon Well
02:37 Ancient of Wonders
02:59 Moon Well
04:37 Tree of Ages
05:50 Tree of Life
06:19 Hunter's Hall
07:36 Ancient Protector
07:39 Ancient Protector
07:42 Ancient Protector
07:45 Ancient Protector
08:47 Ancient of Lore
10:02 Ancient of Lore
11:31 Tree of Eternity
13:20 Moon Well
14:05 Moon Well
15:15 Moon Well
17:17 Moon Well
17:19 Moon Well
18:41 Ancient of Wind
18:44 Ancient of Wind
18:47 Ancient of Wind
27:13 Chimaera Roost
27:17 Chimaera Roost
27:24 Chimaera Roost
27:59 Tree of Life
» items
| Lesser Clarity Potion | 1 | |
| Potion of Lesser Invulnerability | 2 | |
| Scroll of Town Portal | 2 | |
| Scroll of Healing | 1 | |
| Anti-magic Potion | 1 | |
| Boots of Speed | 1 | |
8 total

»
pattier (
pink | 31 APM | 1270 actions | 41:29)
3 Death Knight
1 Death Coil
2 Unholy Aura
2 Lich
1 Frost Armor
1 Dark Ritual
» actions
| Assign group hotkey | 17 | |
| Build / train | 71 | |
| Enter build submenu | 35 | |
| Enter hero's abilities submenu | 5 | |
| Remove unit from queue | 1 | |
| Right click | 584 | |
| Select / deselect | 249 | |
| Select group hotkey | 240 | |
| Use ability | 68 | |
1270 total
» units
| Acolyte | 13 | |
| Ghoul | 4 | |
| Crypt Fiend | 11 | |
| Obsidian Statue | 4 | |
| Frost Wyrm | 3 | |
35 total
» upgrades
| Creature Attack | 3 | |
| Creature Carapace | 3 | |
| Web | 1 | |
| Freezing Breath | 1 | |
| Backpack | 1 | |
9 total
» buildings
| Altar of Darkness | 2 | |
| Ziggurat | 14 | |
| Crypt | 4 | |
| Tomb of Relics | 2 | |
| Graveyard | 1 | |
| Spirit Tower | 8 | |
| Halls of the Dead | 1 | |
| Necropolis | 2 | |
| Slaughterhouse | 1 | |
| Nerubian Tower | 1 | |
| Black Citadel | 1 | |
| Sacrificial Pit | 1 | |
| Boneyard | 2 | |
40 total
» build order
00:31 Altar of Darkness
00:39 Ziggurat
01:01 Crypt
01:11 Crypt
01:29 Tomb of Relics
01:56 Graveyard
02:13 Ziggurat
03:47 Ziggurat
04:23 Spirit Tower
05:00 Spirit Tower
05:52 Ziggurat
07:33 Halls of the Dead
07:40 Ziggurat
07:45 Ziggurat
08:02 Ziggurat
08:43 Necropolis
08:52 Ziggurat
09:17 Ziggurat
10:42 Spirit Tower
10:50 Spirit Tower
10:51 Spirit Tower
11:45 Slaughterhouse
13:31 Nerubian Tower
13:32 Spirit Tower
14:30 Spirit Tower
14:42 Black Citadel
14:44 Spirit Tower
16:06 Sacrificial Pit
17:07 Boneyard
17:10 Boneyard
21:57 Ziggurat
22:00 Ziggurat
22:03 Ziggurat
22:08 Ziggurat
38:50 Necropolis
40:25 Altar of Darkness
40:34 Ziggurat
40:39 Crypt
40:42 Crypt
41:28 Tomb of Relics
» items
| Sacrificial Skull | 2 | |
| Dust of Appearance | 1 | |
| Scroll of Town Portal | 3 | |
| Rod of Necromancy | 2 | |
8 total
team 2 (loser)
KobraKhan (
blue | 45 APM | 1877 actions | 41:28)
8 Tauren Chieftain
3 War Stomp
3 Endurance Aura
1 Reincarnation
1 Shockwave
4 Blademaster
2 Critical Strike
2 Mirror Image
3 Paladin
2 Devotion Aura
1 Holy Light
» actions
| Build / train | 87 | |
| Enter build submenu | 34 | |
| Enter hero's abilities submenu | 16 | |
| Give item / drop item | 3 | |
| Right click | 1065 | |
| Select / deselect | 507 | |
| Use ability | 165 | |
1877 total
» units
| Peon | 11 | |
| Troll Headhunter/Berserker | 24 | |
| Goblin Shredder | 1 | |
| Troll Witch Doctor | 5 | |
| Dragonhawk Rider | 2 | |
| Druid of the Talon | 1 | |
44 total
» upgrades
| Ranged Weapons | 3 | |
| Witch Doctor Training | 2 | |
| Berserker Upgrade | 1 | |
| Armor | 3 | |
9 total
» buildings
| War Mill | 2 | |
| Barracks | 2 | |
| Orc Burrow | 11 | |
| Altar of Storms | 1 | |
| Voodoo Lounge | 1 | |
| Stronghold | 1 | |
| Fortress | 1 | |
| Spirit Lodge | 2 | |
| Great Hall | 2 | |
| Watch Tower | 9 | |
| Beastiary | 1 | |
| Ancient of Wonders | 1 | |
34 total
» build order
00:22 War Mill
00:26 War Mill
00:43 Barracks
00:59 Orc Burrow
01:16 Altar of Storms
01:57 Barracks
02:12 Orc Burrow
02:50 Voodoo Lounge
04:11 Orc Burrow
04:54 Stronghold
07:41 Orc Burrow
08:31 Fortress
08:53 Spirit Lodge
09:06 Great Hall
09:51 Spirit Lodge
10:17 Orc Burrow
10:31 Watch Tower
10:39 Watch Tower
10:42 Watch Tower
11:51 Great Hall
11:55 Watch Tower
11:58 Watch Tower
12:03 Orc Burrow
16:23 Beastiary
18:37 Watch Tower
18:37 Watch Tower
19:39 Watch Tower
19:41 Watch Tower
20:34 Orc Burrow
20:35 Orc Burrow
23:16 Orc Burrow
23:17 Orc Burrow
23:21 Orc Burrow
38:28 Ancient of Wonders
» items
| Scroll of Speed | 3 | |
| Healing Salve | 1 | |
| Lesser Clarity Potion | 1 | |
| Scroll of Regeneration | 1 | |
| Potion of Healing | 1 | |
| Scroll of Town Portal | 3 | |
| Orb of Lightning | 1 | |
11 total

»
Deanze (
orange | 26 APM | 761 actions | 29:16)
7 Far Seer
3 Feral Spirit
3 Chain Lighting
1 Earth Quake
» actions
| Assign group hotkey | 6 | |
| Basic commands | 19 | |
| Build / train | 66 | |
| Enter build submenu | 28 | |
| Enter hero's abilities submenu | 8 | |
| Give item / drop item | 1 | |
| Right click | 250 | |
| Select / deselect | 307 | |
| Select group hotkey | 3 | |
| Use ability | 73 | |
761 total
» units
| Peon | 12 | |
| Grunt | 12 | |
| Shaman | 6 | |
| Tauren | 9 | |
39 total
» upgrades
| Melee Weapons | 3 | |
| Armor | 3 | |
| Shaman Training | 2 | |
| Berserker Strength | 1 | |
| Pulverize | 1 | |
10 total
» buildings
| Altar of Storms | 1 | |
| Barracks | 2 | |
| Orc Burrow | 8 | |
| War Mill | 1 | |
| Voodoo Lounge | 1 | |
| Stronghold | 2 | |
| Great Hall | 2 | |
| Watch Tower | 9 | |
| Spirit Lodge | 1 | |
| Fortress | 1 | |
| Tauren Totem | 2 | |
30 total
» build order
00:11 Altar of Storms
00:17 Barracks
00:30 Orc Burrow
01:50 War Mill
02:22 Orc Burrow
02:30 Orc Burrow
02:47 Barracks
03:19 Voodoo Lounge
03:27 Orc Burrow
04:52 Orc Burrow
07:12 Stronghold
07:13 Stronghold
09:07 Great Hall
09:16 Watch Tower
09:20 Watch Tower
09:24 Watch Tower
09:27 Watch Tower
09:49 Spirit Lodge
11:47 Great Hall
12:00 Watch Tower
12:07 Watch Tower
12:10 Watch Tower
12:14 Watch Tower
12:19 Watch Tower
13:46 Orc Burrow
13:54 Orc Burrow
15:55 Fortress
18:56 Tauren Totem
19:00 Tauren Totem
23:12 Orc Burrow
» items
| Healing Salve | 3 | |
| Scroll of Town Portal | 2 | |
| Lesser Clarity Potion | 1 | |
6 total
llllllllllIlIlI (
red | 160 APM | 4072 actions | 25:27)
5 Archmage
1 Summon Water Elemental
1 Blizzard
3 Brilliance Aura
3 Paladin
2 Holy Light
1 Divine Shield
» actions
| Assign group hotkey | 48 | |
| Basic commands | 27 | |
| Build / train | 74 | |
| ESC pressed | 11 | |
| Enter build submenu | 38 | |
| Enter hero's abilities submenu | 8 | |
| Give item / drop item | 2 | |
| Remove unit from queue | 1 | |
| Right click | 1526 | |
| Select / deselect | 382 | |
| Select group hotkey | 1600 | |
| Use ability | 355 | |
4072 total
» units
| Peasant | 18 | |
| Dragonhawk Rider | 12 | |
| Goblin Zeppelin | 1 | |
31 total
» upgrades
| Backpack | 0 | |
| Lumber Harvesting | 2 | |
| Armor | 3 | |
| Cloud | 1 | |
| Swords | 2 | |
8 total
» buildings
| Farm | 13 | |
| Altar of Kings | 1 | |
| Lumber Mill | 1 | |
| Arcane Vault | 1 | |
| Scout Tower | 12 | |
| Guard Tower | 4 | |
| Arcane Tower | 2 | |
| Keep | 1 | |
| Blacksmith | 1 | |
| Town Hall | 3 | |
| Gryphon Aviary | 3 | |
| Castle | 1 | |
| Barracks | 1 | |
44 total
» build order
00:19 Farm
00:39 Altar of Kings
00:53 Lumber Mill
00:57 Farm
01:38 Arcane Vault
01:44 Scout Tower
01:46 Scout Tower
02:11 Farm
02:12 Guard Tower
02:21 Arcane Tower
02:34 Scout Tower
02:52 Farm
03:06 Guard Tower
03:08 Scout Tower
03:33 Keep
04:12 Guard Tower
04:13 Blacksmith
05:01 Town Hall
05:18 Scout Tower
05:20 Scout Tower
05:21 Scout Tower
05:45 Arcane Tower
05:50 Scout Tower
06:17 Guard Tower
07:32 Gryphon Aviary
07:36 Scout Tower
08:02 Scout Tower
08:03 Scout Tower
08:35 Castle
08:56 Gryphon Aviary
08:58 Gryphon Aviary
09:36 Farm
09:55 Farm
11:09 Farm
11:19 Barracks
11:52 Farm
11:57 Farm
12:35 Farm
13:44 Town Hall
13:46 Farm
14:25 Farm
16:44 Farm
21:36 Town Hall
22:03 Scout Tower
» items
| Scroll of Regeneration | 3 | |
| Lesser Clarity Potion | 1 | |
| Potion of Healing | 1 | |
| Mechanical Critter | 2 | |
| Scroll of Town Portal | 2 | |
9 total

»
BallisticBooger (
yellow | 42 APM | 1269 actions | 30:07)
7 Priestess of the Moon
3 Trueshot Aura
3 Searing Arrows
1 Starfall
» actions
| Assign group hotkey | 25 | |
| Basic commands | 1 | |
| Build / train | 80 | |
| ESC pressed | 8 | |
| Enter build submenu | 17 | |
| Enter hero's abilities submenu | 8 | |
| Right click | 515 | |
| Select / deselect | 280 | |
| Select group hotkey | 286 | |
| Use ability | 49 | |
1269 total
» units
| Wisp | 13 | |
| Archer | 5 | |
| Huntress | 2 | |
| Hippogryph | 23 | |
| Druid of the Claw | 3 | |
| Dryad | 5 | |
| Chimaera | 4 | |
55 total
» upgrades
| Moon Armor | 1 | |
| Strength of the Moon | 1 | |
| Reinforced Hides | 3 | |
| Strength of the Wild | 3 | |
| Druid of the Claw Training | 2 | |
| Abolish Magic | 2 | |
| Corrosive Breath | 1 | |
| Nature's Blessing | 1 | |
14 total
» buildings
| Moon Well | 6 | |
| Altar of Elders | 1 | |
| Ancient of War | 1 | |
| Hunter's Hall | 1 | |
| Tree of Ages | 1 | |
| Ancient of Wind | 1 | |
| Ancient of Lore | 1 | |
| Tree of Eternity | 1 | |
| Chimaera Roost | 2 | |
| Tree of Life | 1 | |
16 total
» build order
00:21 Moon Well
00:33 Altar of Elders
00:57 Ancient of War
01:40 Hunter's Hall
01:59 Moon Well
02:54 Moon Well
03:01 Moon Well
04:05 Tree of Ages
06:55 Ancient of Wind
07:42 Ancient of Lore
08:05 Tree of Eternity
10:16 Moon Well
10:37 Chimaera Roost
10:41 Chimaera Roost
11:46 Tree of Life
12:01 Moon Well
» items
Chat log
(00:09 / Allies) Player_1: IIIIIIIIIIIIIIIIII might tk
(00:10 / Allies) pattier: hey
(00:14 / Allies) pattier: plan/units?
(00:19 / Allies) yaboy: haha why
(00:20 / Allies) DataJack: I'm on strike
(00:28 / Allies) yaboy: archers something
(00:30 / Allies) Player_1: kool
(00:32 / Allies) DataJack: My peasants say they're on strike
(00:33 / All) Deanze: gg
(00:34 / Allies) Player_1: i get a new expo
(00:35 / Allies) yaboy: dick head
(00:39 / All) Deanze: as in wishing you a great game
(00:40 / All) yaboy: ?
(00:42 / Allies) DataJack: 100 gold they say or else they won't mine
(00:45 / All) KobraKhan: so kind
(01:01 / Allies) DataJack: bargain has been struck!
(01:14 / Allies) yaboy: haha just ask next time d bag
(01:31 / Allies) DataJack: Billy Bob was hte ringleader
(01:33 / Allies) DataJack: Tell him
(02:48 / Allies) pattier: units guys?
(02:57 / Allies) DataJack: power lifters
(03:01 / All) Deanze: i already play on this map 2 years later.
(03:02 / Allies) Player_1: hunt rush
(03:06 / Allies) pattier: great...
(03:21 / Allies) yaboy: why do you call hunt rush now?
(04:00 / Allies) yaboy: well pink, im gonna get dryad bear i suppose
(04:09 / Allies) pattier: k
(04:17 / Allies) pattier: fiends/stats/frosties
(07:03 / Allies) Player_1: lol
(07:07 / Allies) Player_1: teal your gonna get owned
(07:10 / Allies) Player_1: thats a hard cc
(08:08 / Allies) DataJack: I need 3 exp lel
(09:29 / Allies) DataJack: surround
(10:02 / Allies) Player_1: a 4 hunt surround
(10:03 / Allies) Player_1: lol
(10:12 / All) DataJack: lol red
(10:15 / All) DataJack: right for my shreddar
(10:39 / All) DataJack: mh trash
(10:43 / All) llllllllllIlIlI: CRYMORECRYMORECRYMORECRYMORECRYMORECRYMORECRYMORECRYMORE
(11:16 / Allies) Player_1: out
(11:17 / Allies) Player_1: out
(11:18 / Allies) Player_1: out
(11:20 / Allies) Player_1: out
(11:57 / All) yaboy: nice discrete boar lol
(12:00 / Allies) DataJack: ;lumber
(12:04 / All) KobraKhan: whore
(12:26 / All) DataJack: and dhaqwks already lol
(12:29 / All) llllllllllIlIlI: CRYMORECRYMORECRYMORECRYMORECRYMORECRYMORECRYMORECRYMORE
(12:38 / All) DataJack: perfecltly legitmate!
(12:49 / Allies) DataJack: any aa?
(13:05 / All) DataJack: not much we can do when we have a fucking mh retard
(13:08 / All) llllllllllIlIlI: CRYMORECRYMORECRYMORECRYMORECRYMORECRYMORECRYMORECRYMORE
(13:15 / All) DataJack: Yeah keep abusing bnet
(13:19 / All) DataJack: you won't have anyone to play against
(13:28 / All) llllllllllIlIlI: CRYMORECRYMORECRYMORECRYMORECRYMORECRYMORECRYMORECRYMORE
(13:33 / All) DataJack: Grow up
(13:35 / All) llllllllllIlIlI: CRYMORECRYMORECRYMORECRYMORECRYMORECRYMORECRYMORECRYMORE
(13:35 / Allies) Player_1: common pink
(13:38 / Allies) Player_1: you have web?
(13:40 / All) KobraKhan: no u
(13:45 / Allies) pattier: yes
(13:58 / All) DataJack: Guaranteed red is near 30
(14:02 / All) DataJack: living with parents
(14:03 / All) llllllllllIlIlI: CRYMORECRYMORECRYMORECRYMORECRYMORECRYMORECRYMORECRYMORE
(14:09 / All) DataJack: and thinks that's clever lol
(14:13 / All) DataJack: I reember you for years ago
(14:14 / All) llllllllllIlIlI: CRYMORECRYMORECRYMORECRYMORECRYMORECRYMORECRYMORECRYMORE
(14:16 / All) llllllllllIlIlI: CRYMORECRYMORECRYMORECRYMORECRYMORECRYMORECRYMORECRYMORE
(14:23 / All) DataJack: same schtick
(14:26 / All) llllllllllIlIlI: CRYMORECRYMORECRYMORECRYMORECRYMORECRYMORECRYMORECRYMORE
(15:01 / Allies) Player_1: go for hawks
(15:02 / Allies) Player_1: pink
(15:29 / Allies) Player_1: coming
(15:30 / Allies) Player_1: pin
(15:33 / Allies) Player_1: tp guys
(15:44 / All) llllllllllIlIlI: CRYMORECRYMORECRYMORECRYMORECRYMORECRYMORECRYMORECRYMORE
(17:09 / Allies) Player_1: gold for tp
(17:11 / Allies) Player_1: please
(17:17 / Allies) Player_1: ty
(18:24 / Allies) yaboy: wood
(18:34 / Allies) Player_1: gold
(18:43 / Allies) Player_1: ty
(18:58 / Allies) DataJack: oh
(19:00 / Allies) DataJack: I didn't notice
(19:02 / Allies) DataJack: I wasn't mind
(19:08 / Allies) DataJack: at expo
(19:44 / Allies) yaboy: my base guys
(19:44 / Allies) yaboy: now
(20:07 / Allies) DataJack: tpo
(20:17 / All) llllllllllIlIlI: CRYMORECRYMORECRYMORECRYMORECRYMORECRYMORECRYMORECRYMORE
(20:22 / Allies) Player_1: that was dumb teal
(20:30 / Allies) DataJack: Well I didn't expect you all to let me die
(20:37 / Allies) Player_1: its an expo
(20:39 / Allies) yaboy: you dont tp to expo
(20:40 / Allies) Player_1: dont die for it
(20:57 / Allies) DataJack: you do if mroe than one do
(21:22 / All) Player_1: why hack bro
(21:25 / All) llllllllllIlIlI: CRYMORECRYMORECRYMORECRYMORECRYMORECRYMORECRYMORECRYMORE
(21:25 / All) Player_1: curious
(21:36 / All) llllllllllIlIlI: CRYMORECRYMORECRYMORECRYMORECRYMORECRYMORECRYMORECRYMORE
(21:37 / All) KobraKhan: you guys still suck tho
(21:38 / All) Player_1: yes we've heard that before
(21:41 / All) llllllllllIlIlI: CRYMORECRYMORECRYMORECRYMORECRYMORECRYMORECRYMORECRYMORE
(21:47 / All) DataJack: blue don't talk shit you have mher on your team
(21:50 / All) llllllllllIlIlI: CRYMORECRYMORECRYMORECRYMORECRYMORECRYMORECRYMORECRYMORE
(21:51 / All) Player_1: honestly need to go back to school your speech is fucked
(21:55 / All) KobraKhan: he didnt tip us though
(22:00 / All) KobraKhan: so i could care less
(22:01 / All) DataJack: He had me countered
(22:04 / All) KobraKhan: hackers are easy to beat
(22:05 / All) DataJack: and went staright to my base retard
(22:10 / All) KobraKhan: aww
(22:49 / All) Player_1: you should feel proud to ride a hacker
(22:51 / All) llllllllllIlIlI: CRYMORECRYMORECRYMORECRYMORECRYMORECRYMORECRYMORECRYMORE
(22:56 / All) DataJack: blue is hilarious
(22:57 / All) Player_1: i guess there easy to beat huh
(22:59 / All) llllllllllIlIlI: CRYMORECRYMORECRYMORECRYMORECRYMORECRYMORECRYMORECRYMORE
(23:04 / All) DataJack: "they're easy to beat"
(23:07 / All) llllllllllIlIlI: CRYMORECRYMORECRYMORECRYMORECRYMORECRYMORECRYMORECRYMORE
(23:10 / All) BallisticBooger: if someone's hacking they didn't tell us anything
(23:11 / All) DataJack: mh is no advantage
(23:16 / All) llllllllllIlIlI: CRYMORECRYMORECRYMORECRYMORECRYMORECRYMORECRYMORECRYMORE
(23:23 / Allies) DataJack: come green
(23:36 / All) Deanze: gg
(24:04 / Allies) pattier: get that tc
(25:00 / Allies) DataJack: next base
(25:34 / All) yaboy: lol
(25:40 / All) Player_1: some one whisper him cry more
(25:48 / All) Deanze: ahah
(25:51 / All) Player_1: talk to him in his lingo
(25:57 / All) DataJack: cRY MORE CRY MORE
(26:07 / All) Deanze: what happened
(26:15 / All) Player_1: i ahcked
(26:18 / All) Player_1: }i hacked
(26:24 / All) Player_1: since hey where easy to beat
(26:26 / All) Player_1: right
(26:56 / Allies) yaboy: gold?
(27:13 / Allies) pattier: all i got
(30:21 / Allies) Player_1: oh no
(30:23 / Allies) Player_1: you got 3
(30:33 / All) DataJack: blue you're so good
(30:43 / All) DataJack: you got my low health hero dawg
(30:44 / All) DataJack: game voer
(31:05 / Allies) Player_1: stfu teal an make something
(31:36 / Allies) DataJack: you're at 36 food yourself
(35:10 / Allies) Player_1: lmfoa
(35:55 / Allies) yaboy: still here pink?
(36:00 / Allies) pattier: yes
(36:09 / Allies) pattier: with one acolyte
(38:27 / Allies) Player_1: rebuild ink
(39:06 / All) Player_1: why would you sell booots blue
(39:11 / All) KobraKhan: endurance
(39:17 / All) Player_1: dont mean shit
(39:22 / All) KobraKhan: ?
(39:24 / All) DataJack: max speed is level 2 wind alk
(39:26 / All) DataJack: walk
(39:28 / All) Player_1: those boots with your aura
(39:33 / All) Player_1: thats the shit
(39:43 / All) KobraKhan: it stacks?
(39:47 / All) Player_1: yes
(39:55 / All) KobraKhan: think the update got ridda dat
(39:56 / All) DataJack: max speed is level 2 wind walk, is itt faster than that?
(39:58 / All) Player_1: man you hual ass
(40:05 / All) Player_1: no
(40:19 / All) KobraKhan: 1v1 purp
(40:23 / All) KobraKhan: dont bother us
(40:59 / Allies) Player_1: w
(41:02 / All) Player_1: wTF teal
(41:21 / Allies) DataJack: he can leave
(41:22 / All) Player_1: sorry blue
(41:27 / All) KobraKhan: :*